 Dungeon Crawl Stone Soup version 0.31-a0-986-g5e6e4ef867 (webtiles) character file.

Game seed: 16069016664956063372

20 avis the Changeling (level 2, 13/13 HPs)
             Began as a Felid Shapeshifter on Nov 9, 2023.
             Got out of the dungeon alive.
             The game lasted 00:04:48 (1368 turns).

avis the Changeling (Felid Shapeshifter)            Turns: 1368, Time: 00:04:48

Health: 13/13      AC:  1    Str: 10    XL:     2   Next: 58%
Magic:  3/3        EV: 17    Int: 11    God:
Gold:   128        SH:  0    Dex: 15    Spells: 1/1 levels left
                                        Lives:  0   Deaths: 1

rFire   . .          .
                       - Unarmed
rCold   . . .        (shield unavailable)
rNeg    . . .        (body armour unavailable)
rPois   .            (helmet unavailable)
rElec   .            (cloak unavailable)
rCorr   .            (gloves unavailable)
SInv    +            (boots unavailable)
Will    .....        (no amulet)
Stlth   +            (no ring)
HPRegen 0.22/turn    (no ring)
MPRegen 0.08/turn

%: no passive effects
@: beast-form, quick
A: beast (slay +2), very small, claws 1, fangs 3, see invisible, speed 1, shaggy
fur 1, stealthy paws, no weapons or thrown items, no armour, multi-lived
a: Begin Untransformation


You escaped.
You were a hulking beast.
You visited 1 branch of the dungeon, and saw 2 of its levels.

You collected 128 gold pieces.

Inventory:

Talismans
 b - a beast talisman
 c - a flux talisman
Scrolls
 e - a scroll of enchant armour {unknown}
 f - a scroll of poison {unknown}
 h - a scroll of summoning {unknown}
 i - a scroll of teleportation {unknown}
Potions
 a - a potion of lignification
 d - 2 potions of mutation {unknown}
 g - a potion of berserk rage {unknown}


   Skills:
 * Level 2.2 Fighting
 - Level 3.0 Dodging
 - Level 3.0 Unarmed Combat
 - Level 3.5 Shapeshifting


You had one spell level left.
You didn't know any spells.
Your spell library contained the following spells:

 Spells                   Type           Power      Damage    Failure   Level
 Apportation              Tloc           0%         N/A       34%         1
 Necrotise                Necr           0%         1d4       34%         1
 Summon Small Mammal      Summ           0%         N/A       34%         1


Dungeon Overview and Level Annotations

Branches:
Dungeon (2/15)

Altars:

Shops:
D:2 *


Innate Abilities, Weirdness & Mutations

You are a hulking beast.
Your limbs bulge with bestial killing power. (Slay +2)
You have sharp claws.
You have razor-sharp teeth.
You have supernaturally acute eyesight. (SInv)
You cover ground quickly. (Speed+)
You are covered in fur. (AC +1)
Your paws help you pounce on unaware monsters.
You are incapable of wielding weapons or throwing items.
You cannot wear armour.
You gain extra lives every three experience levels.


Message History

You see here a +0 club.
A bat comes into view.
You see here 15 gold pieces.
You now have 128 gold pieces (gained 15).
You scratch the endoplasm.
You kill the endoplasm!
You scratch the bat.
You kill the bat!
You see here a bat corpse.
i - a scroll labelled KIRPHO USUOCLE A gnoll comes into view.
It is wielding a +0 halberd.
The gnoll throws a stone.
The stone barely misses you.
A gnoll comes into view. It is wielding a +0 spear.
A gnoll comes into view. It is wielding a +0 club.
A gnoll comes into view. It is wielding a +0 spear.
Found a fizzy black potion.
The gnoll shouts! x2
The gnoll closely misses you.
A rat comes into view.
The gnoll moves out of view.
You scratch the gnoll but do no damage. The gnoll hits you with a +0 halberd.
You scratch the gnoll.
The gnoll is moderately wounded.
The gnoll hits you with a +0 halberd!
Ouch! That really hurt!
You die...
Your shape twists and changes as you die.
The gnoll hits you from afar with a +0 spear!
You rejoin the land of the living...
There is a stone staircase leading up here.
You climb upwards.
There is a stone staircase leading down here.
There is an open door here.
There is an escape hatch in the floor here.
You open the door.
There is an open door here.
You enter the shallow water.
Moving in this stuff is going to be slow.
There is a staircase leading out of the dungeon here.
You have escaped!

#.# ##'######## #.###
#.########.# #...#
...........# #####)####
############
######........# #......#
#.............## #......#
#.####.........###
#......#
####+########........
##......# #~≈≈≈≈≈≈#
#....#...
#.......####~#~h~#≈#
######...
#..........#~###~#~# #...
#..........##~~~~~~# #...
#..........#~###########
#...
#..........##~~~#..'...#
#...
#..........#~##~##.#...#
#...
########....#.##....#...#
#...
............#'#######...#
#...
########......#.........##
#####'


There were no monsters in sight!

Vanquished Creatures
  A dart slug (D:1)
  4 endoplasms
  A giant cockroach (D:1)
  2 goblins
  A hobgoblin (D:1)
  3 kobolds (D:1)
  A quokka (D:1)
  A bat (D:2)
  3 frilled lizards (D:1)
17 creatures vanquished.

Notes
Turn   | Place    | Note
-------+----------+-------------------------------------------
     0 | D:1      | avis the Felid Shapeshifter began the quest for the Orb.
     0 | D:1      | Reached XP level 1. HP: 9/9 MP: 2/2
   283 | D:1      | Reached XP level 2. HP: 13/13 MP: 3/3
  1136 | D:2      | Found Nientaxt's Assorted Antiques.
  1267 | D:2      | Slain by a gnoll
  1368 | D:$      | Got out of the dungeon alive.

Illustrated notes

Levels and vault maps discovered:
D:1:      ncdulo_wetmaze, layout_basic
D:2:      layout_loops_corners, serial_shops, shop, minmay_vboxes

Skill      XL: |  1  2 |
---------------+-------+-----
Fighting       | 2 |  2.2
Dodging        | 3 |  3.0
Unarmed Combat | |  3.0
Shapeshifting  | |  3.5

Action                     || total
---------------------------++-------
  Melee: Unarmed           ||    37
 Armour: Skin              ||     6
  Dodge: Dodged            ||    21

Table legend: (Time is in decaauts)
 A = Elapsed time spent in this place.
 B = Non-inter-level travel time spent in this place.
 C = Inter-level travel time spent in this place.
 D = Time resting spent in this place.
 E = Time spent auto-exploring this place.
 F = Levels seen in this place.
 G = Mean time per level.
                   A        B        C        D        E       F      G
               +--------+--------+--------+--------+--------+-----+--------+
         Total |   1133 |    926 |    207 |     38 |    730 |   2 |  566.5 |
       Dungeon |   1133 |    926 |    207 |     38 |    730 |   2 |  566.5 |
               +--------+--------+--------+--------+--------+-----+--------+

Top non-repeatable levels by time:
     D:1: 1038 daAuts
     D:2: 95 daAuts
